Construct Section Command Post
Construct Platoon Command Post
6-pounder Anti-tank Gun Team
6-pounder Anti-tank Gun Team
Selects Heavy Armor Battlegroup
Selects Rigorous Vehicle Training
Selects Crusader AA Medium Tank
6-pounder Anti-tank Gun Team
6-pounder Anti-tank Gun Team
Selects Light Vehicle Withdraw and Refit
Selects Forward Repair Assembly
Unlock Bishop Self-propelled Artillery
Bishop Self-propelled Artillery
Construct Company Command Post
Selects Churchill Black Prince Heavy Tank
Unlock Towed 17-pounder Anti-tank Guns
17-pounder Anti-tank Gun Team
Unlock M3 Grant Medium Tanks
Churchill Black Prince Heavy Tank